 Dungeon Crawl Stone Soup version 0.31-a0-965-g8a8ce12e04 (webtiles) character file.

Game seed: 14017192342115489214

70 Pixllover the Chopper (level 4, -8/41 HPs)
             Began as a Hill Orc Monk on Oct 26, 2023.
             Mangled by a gnoll
             ... wielding a +0 halberd
              (14 damage)
             ... on level 3 of the Dungeon.
             The game lasted 00:02:21 (1944 turns).

Pixllover the Chopper (Hill Orc Monk)               Turns: 1944, Time: 00:02:22

Health: -8/41      AC:  4    Str: 15    XL:     4   Next: 22%
Magic:  4/4        EV: 12    Int: 10    God:
Gold:   141        SH:  5    Dex: 13    Spells: 3/3 levels left

rFire   x . .        a - +0 hand axe
rCold   . . .        d - orb {light}
rNeg    . . .        b - +0 robe
rPois   .            p - +1 helmet "Cunouw" {rF- rCorr Stlth+}
rElec   .            (no cloak)
rCorr   +            (no gloves)
SInv    .            (no boots)
Will    .....        l - amulet of reflection
Stlth   +            (no ring)
HPRegen 0.26/turn    (no ring)
MPRegen 0.09/turn

%: reflection
@: glowing
A: no striking features
a: no special abilities


You were on level 3 of the Dungeon.
You visited 1 branch of the dungeon, and saw 3 of its levels.

You collected 141 gold pieces.

Inventory:

Hand Weapons
 a - a +0 hand axe (weapon)
Armour
 b - a +0 robe (worn)
 d - an orb of light (worn)
 p - the +1 helmet "Cunouw" (worn) {rF- rCorr Stlth+}
   (You found it on level 2 of the Dungeon)

   rF-:       It makes you vulnerable to fire.
   rCorr:     It protects you from acid and corrosion.
   Stlth+:    It makes you more stealthy.
Jewellery
 l - an amulet of reflection (around neck)
Scrolls
 f - a scroll of immolation {unknown}
 g - 5 scrolls of identify {unknown}
 h - 4 scrolls of teleportation {unknown}
 o - a scroll of poison {unknown}
Potions
 c - a potion of ambrosia
 e - a potion of invisibility {unknown}
 i - a potion of resistance {unknown}
 j - a potion of haste {unknown}
 k - a potion of degeneration {unknown}
 m - a potion of berserk rage {unknown}
 n - a potion of heal wounds {unknown}


   Skills:
 + Level 4.4 Fighting
 + Level 5.2 Axes
 + Level 2.9 Dodging
 + Level 0.2 Stealth


You had 3 spell levels left.
You didn't know any spells.
Your spell library contained the following spells:

 Spells                   Type           Power      Damage    Failure   Level
 Wereblood                Tmut           0%         N/A       50%         2
 Inner Flame              Hex/Fire       0%         N/A       75%         3
 Irradiate                Conj/Tmut      0%         3d11      100%        5
 Yara's Violent Unravell  Hex/Tmut       0%         3d3       100%        5
 Enfeeble                 Hex            0%         N/A       100%        7


Dungeon Overview and Level Annotations

Branches:
Dungeon (3/15)

Altars:


Message History

You hit the giant cockroach but do no damage.
The giant cockroach closely misses you.
You barely miss the giant cockroach. The giant cockroach barely misses you.
You hit the giant cockroach.
The giant cockroach is severely wounded.
The giant cockroach bites you.
You hit the giant cockroach but do no damage.
The giant cockroach is severely wounded.
The giant cockroach barely misses you. x2
You hit the giant cockroach but do no damage.
The giant cockroach is heavily wounded.
The giant cockroach misses you.
You hit the giant cockroach.
The giant cockroach is severely wounded.
The giant cockroach misses you.
You hit the giant cockroach but do no damage.
The giant cockroach is severely wounded.
The giant cockroach waves its antennae.
The giant cockroach bites you. The giant cockroach closely misses you.
You hit the giant cockroach.
You kill the giant cockroach!
You see here a giant cockroach corpse.
There is a stone staircase leading down here.
Found a stone staircase leading down.
Found a stone staircase leading up.
There is a stone staircase leading up here.
Found a stone staircase leading up.
You open the door. 4 gnolls come into view.
The gnoll shouts! x3
The gnoll barely misses you. The gnoll hits you with a +0 spear.
The gnoll hits you with a +0 halberd!
There is an open door, spattered with blood here.
You hit the gnoll but do no damage. You hit the gnoll.
The gnoll hits you from afar with a +0 halberd!
* * * LOW HITPOINT WARNING * * *
The gnoll hits you with a +0 spear.
* * * LOW HITPOINT WARNING * * *
The gnoll hits you with a +0 halberd!
You die...

#..# ##..# ##.......##
#####...####.........#
>..........+.........+
#####...####.........#
#......# #.......#
#.##.#.# #...gg# #.
#>#<# #.gg# #. #.#.#
#@# ##.##.#.### #.#
#.........# #.#
#.........# ##.##
#.........###...##
#.........##.....####
#..........##..<....#
#.................#.#
#..........##...#.....


You could see 4 gnolls.

Vanquished Creatures
  An adder (D:2)
  3 dart slugs
  A worm (D:2)
  3 ball pythons
  3 bats (D:1)
  5 endoplasms
  2 giant cockroaches
  4 goblins
  5 hobgoblins
  6 jackals
  2 quokkas (D:1)
  2 frilled lizards (D:1)
  5 kobolds
  3 rats
45 creatures vanquished.

Notes
Turn   | Place    | Note
-------+----------+-------------------------------------------
     0 | D:1      | Pixllover the Hill Orc Monk began the quest for the Orb.
     0 | D:1      | Reached XP level 1. HP: 19/19 MP: 1/1
    77 | D:1      | Reached XP level 2. HP: 21/27 MP: 2/2
   389 | D:1      | Reached XP level 3. HP: 30/33 MP: 3/3
   958 | D:2      | Reached skill level 5 in Axes
  1298 | D:2      | Reached XP level 4. HP: 41/41 MP: 4/4
  1773 | D:2      | Identified the +1 helmet "Cunouw" {rF- rCorr Stlth+}
  1944 | D:3      | Mangled by a gnoll

Illustrated notes

Levels and vault maps discovered:
D:1:      elethiomel_arrival_shortcut, layout_loops_ring, minmay_pentomino_p4
D:2:      layout_basic
D:3:      minmay_recursive_quarters, layout_loops_corners, uniq_jessica

Skill      XL: |  1  2  3 |
---------------+----------+-----
Fighting       | 4 |  4.4
Axes           | 5 |  5.2
Dodging        | |  2.9
Stealth        | |  0.2

Action                     |  1- 3 |  4- 6 || total
---------------------------+-------+-------++-------
  Melee: Hand axe          |   105 |    30 ||   135
 Armour: Robe              |    57 |    16 ||    73
  Dodge: Dodged            |    72 |    21 ||    93
  Block: Orb               |       |     3 ||     3
         Reflection        |       |     1 ||     1

Table legend: (Time is in decaauts)
 A = Elapsed time spent in this place.
 B = Non-inter-level travel time spent in this place.
 C = Inter-level travel time spent in this place.
 D = Time resting spent in this place.
 E = Time spent auto-exploring this place.
 F = Levels seen in this place.
 G = Mean time per level.
                   A        B        C        D        E       F      G
               +--------+--------+--------+--------+--------+-----+--------+
         Total |   1952 |   1952 |      0 |    166 |   1244 |   3 |  650.7 |
       Dungeon |   1952 |   1952 |      0 |    166 |   1244 |   3 |  650.7 |
               +--------+--------+--------+--------+--------+-----+--------+

Top non-repeatable levels by time:
     D:2: 1128 daAuts
     D:1: 774 daAuts
     D:3: 50 daAuts
